 Dungeon Crawl Stone Soup version 0.24-a0-653-g3936067ed8 (webtiles) character file.

Game seed: 4256703681775768718, levelgen mode: deterministic

147 AntidotE the Magician (level 5, -11/35 HPs)
             Began as an Octopode Wizard on Sept 27, 2019.
             Killed by divine providence
             ... invoked by an orc priest
              (14 damage)
             ... on level 3 of the Dungeon.
             The game lasted 00:35:58 (4875 turns).

AntidotE the Magician (Octopode Wizard)             Turns: 4875, Time: 00:35:58

Health: -11/35     AC:  1    Str:  7    XL:     5   Next: 29%
Magic:  9/11       EV: 13    Int: 20    God:
Gold:   76         SH:  4    Dex: 11    Spells: 11/13 levels left

rFire    . . .     SeeInvis .   (no weapon)
rCold    . . .     Gourm    .   (no shield)
rNeg     . . .     Faith    .   a - +0 hat
rPois    .         Spirit   .   (no amulet)
rElec    .         Reflect  .   (no ring)
rCorr    .         Harm     .   (no ring)
MR       .....                  (no ring)
Stlth    +++.......             (no ring)
HPRegen  0.11/turn              (no ring)
MPRegen  0.12/turn              (no ring)
                                (no ring)
                                (no ring)

@: very slightly contaminated
A: almost no armour, stealthy swim, amphibious, 8 rings, constrict 8, large bone
plates 1, camouflage 1, robust 1, gelatinous body 1
a: no special abilities


You were on level 3 of the Dungeon.
You were hungry.

You visited 1 branch of the dungeon, and saw 4 of its levels.

You collected 76 gold pieces.

Inventory:

Hand Weapons
 d - a +0 club
Missiles
 b - 93 stones
 f - 4 boomerangs (quivered)
Armour
 a - a +0 hat (worn)
Jewellery
 k - an uncursed amulet of faith
Scrolls
 g - a scroll of magic mapping
 i - 2 scrolls of teleportation
 l - a scroll of remove curse
Potions
 e - a potion of resistance
 h - a potion of curing
Comestibles
 c - 5 rations
 j - 4 chunks of flesh


   Skills:
 + Level 0.8 Fighting
 + Level 0.2 Maces & Flails
 + Level 2.7 Dodging
 + Level 3.1 Stealth
 + Level 0.5 Unarmed Combat
 + Level 4.5 Spellcasting
 + Level 1.8 Conjurations
 + Level 1.0 Summonings
   Level 1.0 Translocations


You had 11 spell levels left.
You knew the following spells:

 Your Spells              Type           Power        Failure   Level  Hunger
a - Magic Dart            Conj           ##..         6%          1    None
b - Summon Small Mammal   Summ           #...         9%          1    None

Your spell library contained the following spells:

 Spells                   Type           Power        Failure   Level  Hunger
 Apportation              Tloc           #.....       9%          1    None
 Animate Skeleton         Necr           N/A          12%         1    None
 Confusing Touch          Hex            #.....       12%         1    None
 Blink                    Tloc           N/A          12%         2    #......
 Call Imp                 Summ           #.......     12%         2    #......
 Slow                     Hex            #.......     19%         2    #......
 Conjure Flame            Conj/Fire      #.......     26%         3    ##.....
 Mephitic Cloud           Conj/Pois/Air  #.......     28%         3    ##.....


Dungeon Overview and Level Annotations

Branches:
Dungeon (4/15)
 Temple: D:4-7

Altars:
Wu Jian
The Shining One


Innate Abilities, Weirdness & Mutations

You cannot wear most types of armour.
You are very stealthy in the water. (Stealth+)
You are amphibious.
You can wear up to eight rings at the same time.
You can use your tentacles to constrict eight enemies at once.
Your skin changes colour to match your surroundings (Stealth+).
Your rubbery body absorbs attacks. (AC +1, EV +1)
You are partially covered in large bone plates. (SH +4)
You are robust. (+10% HP)


Message History

The orc priest invokes the aid of Beogh against you.
Beogh smites you!
* * * LOW HITPOINT WARNING * * *
Your bat hits the orc priest but does no damage. x2
Your bat closely misses the orc priest.
Your bat barely misses the orc priest.
Your bat closely misses the orc priest.
The orc priest hits your bat with a +0 short sword.
Your bat dies!
Your bat's corpse disappears in a puff of smoke!
Your bat hits the orc priest but does no damage.
Your bat hits the orc priest but does no damage.
Your bat misses the orc priest.
Your bat hits the orc priest but does no damage.
Your bat closely misses the orc priest.
Your bat hits the orc priest but does no damage.
The orc priest miscasts a cantrip.
You are feeling hungry.
The orc priest invokes the aid of Beogh against you.
Beogh smites you!
You die...

##.###########
##.#...)..o....
####.###.####.#### #...##
##.....# #.##.###.####.. #
#####.###.#.## #.## ..##
#............# #.#
#..###.###.####.#.# #.#
#.......#@## #.#.# ...
#..........###.#.#
###.###....#..##.#.#
#.....#..........#.#
#####.....#...#.#.####.#
##......_......#.#.####.##
.....#....o#####.#.....o..
###..#.....# #.#.## #
#..###.### ###.#.####.#


You could see an orc priest.

Vanquished Creatures
  4 adders
  4 gnolls
  An ooze (D:2)
  3 dart slugs
  2 leopard geckos
  An orc (D:3)
  10 bats
  A giant cockroach (D:2)
  7 goblins
  5 hobgoblins
  5 jackals (D:1)
  6 kobolds
  A ball python (D:2)
  3 frilled lizards
  7 rats
60 creatures vanquished.

Notes
Turn   | Place    | Note
-------+----------+-------------------------------------------
     0 | D:1      | AntidotE the Octopode Wizard began the quest for the Orb.
     0 | D:1      | Reached XP level 1. HP: 11/11 MP: 4/4
   235 | D:1      | Reached XP level 2. HP: 17/17 MP: 4/6
  1080 | D:1      | Reached XP level 3. HP: 21/21 MP: 0/8
  1155 | D:1      | Gained mutation: You are robust. (+10% HP) [potion of
                  | mutation]
  1155 | D:1      | Gained mutation: You are partially covered in large bone
                  | plates. (SH +4) [potion of mutation]
  2270 | D:3      | Reached XP level 4. HP: 29/29 MP: 6/9
  2286 | D:3      | Reached skill level 4 in Spellcasting
  3992 | D:2      | Reached XP level 5. HP: 35/35 MP: 2/11
  4670 | D:3      | Found a glowing golden altar of the Shining One.
  4800 | D:3      | Found an ornate altar of the Wu Jian Council.
  4813 | D:3      | Learned a level 1 spell: Summon Small Mammal
  4859 | D:3      | HP: 1/35 [orc priest/divine providence (12)]
  4875 | D:3      | Killed from afar by an orc priest

Levels and vault maps discovered:
D:1:      lightli_arrival_isolated_outpost, layout_basic, patterned_corridor
D:2:      layout_basic, first_ration, kennysheep_generic_room_10
D:3:      layout_loops_ring, nicolae_overflow_crystal_walls,
          nicolae_tso_carved_into_rock
D:4:      layout_basic, uniq_menkaure

Skill      XL: |  1  2  3  4 |
---------------+-------------+-----
Stealth        | 3 |  3.1
Spellcasting   | 4 |  4.5
Fighting       | |  0.8
Maces & Flails | |  0.2
Dodging        | |  2.7
Unarmed Combat | |  0.5
Conjurations   | |  1.8
Summonings     | |  1.0
Translocations | |  1.0

Action                   |  1- 3 |  4- 6 || total
-------------------------+-------+-------++-------
Melee: Unarmed           |     3 |     6 ||     9
       Tentacles         |     5 |     2 ||     7
       Constrict         |     7 |     6 ||    13
       Club              |    19 |     6 ||    25
 Cast: Magic Dart        |    98 |   116 ||   214
       Summon Small Mamm |       |     3 ||     3
  Use: Scroll            |     2 |     5 ||     7
       Potion            |     4 |       ||     4
  Eat: Chunk             |     3 |     5 ||     8
       Ration            |       |     1 ||     1
Armor: Skin              |     5 |     3 ||     8
Dodge: Dodged            |    36 |    49 ||    85
Block: Other             |     4 |    16 ||    20

Table legend:
 A = Non-vault XP
 B = Vault XP
 C = Vault XP percentage of total XP
 D = Non-vault monster count
 E = Vault monster count
 F = Vault count percentage of total count
                 A         B        C        D         E       F
            +---------+---------+-------+---------+---------+-------
      Total |     209 |       2 |   0.9 |      58 |       2 |   3.3
            +---------+---------+-------+---------+---------+-------
        D:1 |      59 |       0 |   0.0 |      24 |       0 |   0.0
        D:2 |     109 |       2 |   1.8 |      25 |       2 |   7.4
        D:3 |      41 |       0 |   0.0 |       9 |       0 |   0.0
            +---------+---------+-------+---------+---------+-------
